 Dungeon Crawl Stone Soup version 0.24.0-125-gc4c63601f3 (webtiles) character file.

Game seed: 642076502210503761, levelgen mode: deterministic

19 Johnny the Digger (level 2, -2/20 HPs)
             Began as a Demigod Earth Elementalist on Feb 23, 2020.
             Slain by a goblin
             ... wielding a +2 dagger of electrocution
              (17 damage)
             ... on level 1 of the Dungeon.
             The game lasted 00:00:44 (469 turns).

Johnny the Digger (Demigod Earth Elementalist)       Turns: 469, Time: 00:00:44

Health: -2/20      AC:  3    Str: 11    XL:     2   Next: 39%
Magic:  5/7        EV: 12    Int: 19    God:
Gold:   39         SH:  0    Dex: 16    Spells: 4/5 levels left

rFire    . . .     SeeInvis .   e - -2 hand axe (curse)
rCold    . . .     Gourm    .   (no shield)
rNeg     . . .     Faith    .   c - +0 robe
rPois    .         Spirit   .   (no helmet)
rElec    .         Reflect  .   (no cloak)
rCorr    .         Harm     .   f - +0 pair of gloves
MR       .....                  (no boots)
Stlth    ++........             (no amulet)
HPRegen  0.06/turn              (no ring)
MPRegen  0.10/turn              (no ring)

@: very slightly contaminated
A: high mp 1
a: no special abilities


You were on level 1 of the Dungeon.
You were not hungry.

You visited 1 branch of the dungeon, and saw 1 of its levels.

You collected 39 gold pieces.

Inventory:

Hand Weapons
 a - a +0 short sword
 e - a cursed -2 hand axe (weapon)
Missiles
 b - 48 stones (quivered)
Armour
 c - a +0 robe (worn)
 f - a +0 pair of gloves (worn)
Scrolls
 i - a scroll of teleportation {unknown}
Potions
 h - a potion of curing {unknown}
Comestibles
 d - a ration


   Skills:
 - Level 1.7 Dodging
 - Level 1.7 Stealth
 + Level 2.3 Spellcasting
   Level 0.8 Transmutations
 + Level 3.1 Earth Magic


You had 4 spell levels left.
You knew the following spells:

 Your Spells              Type           Power        Failure   Level  Hunger
a - Sandblast             Erth           ##....       4%          1    #......

Your spell library contained the following spells:

 Spells                   Type           Power        Failure   Level  Hunger
 Passwall                 Tmut/Erth      #.......     11%         2    ##.....
 Stone Arrow              Conj/Erth      #.....       26%         3    ###....
 Petrify                  Tmut/Erth      #.......     56%         4    #####..
 Lee's Rapid Deconstruct  Erth           ##........   77%         5    ######.


Dungeon Overview and Level Annotations

Branches:
Dungeon (1/15)


Innate Abilities, Weirdness & Mutations

You have an increased reservoir of magic. (+10% MP)


Message History

The goblin shouts!
Casting: Sandblast (safe; 4% risk of failure)
Confirm with . or Enter, or press ? or * to list all spells.
Aiming: Sandblast (safe; 4% risk of failure)
Press: ? - help, Shift-Dir - straight line, f - goblin
Aim: a goblin, wielding a +2 dagger of electrocution You miscast Sandblast.
You are very lightly contaminated with residual magic.
Nothing appears to happen.
Casting: Sandblast (safe; 4% risk of failure)
Confirm with . or Enter, or press ? or * to list all spells.
Aiming: Sandblast (safe; 4% risk of failure)
Press: ? - help, Shift-Dir - straight line, f/p - goblin
Aim: a goblin, wielding a +2 dagger of electrocution The blast of sand misses the goblin.
b - 48 stones The goblin hits you with a +2 dagger of electrocution.
You are electrocuted!
Ouch! That really hurt!
You die...

##+# ..... #..#
.......#..# P.P.P.8#..#
.......#..#
P...P..#..#♣#########...
...P.......♣#...@g....#
..........♣#.#########
#####......♣#.#
..........♣♣#.#
.......†..♣ #.#
#####....♣♣ #.##
.........♣ #..#
.........♣ #..##
.........♣ ###.##


You could see a goblin.

Vanquished Creatures
  3 bats (D:1)
  A giant cockroach (D:1)
  3 goblins (D:1)
  6 jackals (D:1)
  A frilled lizard (D:1)
  A kobold (D:1)
  2 rats (D:1)
17 creatures vanquished.

Notes
Turn   | Place    | Note
-------+----------+-------------------------------------------
     0 | D:1      | Johnny the Demigod Earth Elementalist began the quest for
                  | the Orb.
     0 | D:1      | Reached XP level 1. HP: 14/14 MP: 5/5
   148 | D:1      | Reached skill level 3 in Earth Magic
   161 | D:1      | Reached XP level 2. HP: 16/20 MP: 3/7
   469 | D:1      | Slain by a goblin

Levels and vault maps discovered:
D:1:      sevenhm_arrival_forest_fort_large_4, layout_loops_ring

Skill      XL: |  1 |
---------------+----+-----
Spellcasting   | 2 |  2.3
Earth Magic    | 3 |  3.1
Dodging        | |  1.7
Stealth        | |  1.7
Transmutations | |  0.8

Action                   || total
-------------------------++-------
Melee: Short sword       ||    15
       Hand axe          ||    13
 Cast: Sandblast         ||    15
 Stab: Sleeping          ||     2
Armor: Robe              ||    17
Dodge: Dodged            ||    35
